 Dungeon Crawl Stone Soup version 0.18-a0-1649-g8d9735b (webtiles) character file.

301 4thArraOfDagon the Cudgeler (level 6, -2/66 HPs)
             Began as an Ogre Hunter on Mar 29, 2016.
             Killed from afar by Sigmund (7 damage)
             ... with a puff of flame
             ... on level 5 of the Dungeon.
             The game lasted 00:04:23 (798 turns).

4thArraOfDagon the Cudgeler (Ogre Hunter)            Turns: 798, Time: 00:04:24

Health: -2/66      AC:  3    Str: 18    XL:     6   Next: 37%
Magic:  6/6        EV: 10    Int: 12    God:
Gold:   29         SH:  0    Dex: 10    Spells: 0 memorised, 5 levels left

rFire  . . .     SeeInvis .     i - +0 giant club
rCold  . . .     Gourm    .     b - +0 robe
rNeg   . . .     Faith    .     (shield currently unavailable)
rPois  +         Spirit   .     (helmet restricted)
rElec  .         Dismiss  .     (no cloak)
rCorr  .         Reflect  .     (gloves unavailable)
SustAt .         Harm     .     (boots unavailable)
MR     .....                    (no amulet)
Stlth  +.........               (no ring)
                                a - ring of poison resistance

@: very slightly contaminated, not resistant to hostile enchantments, very
unstealthy
A: unfitting armour, tough skin 1
a: no special abilities


You were on level 5 of the Dungeon.
You were not hungry.

You visited 1 branch of the dungeon, and saw 5 of its levels.

You collected 29 gold pieces.

Inventory:

Hand Weapons
 e - a +0 club
 i - a +0 giant club (weapon)
 m - a +1 dagger of venom
Missiles
 g - 3 curare-tipped needles
Armour
 b - a +0 robe (worn)
Jewellery
 a - a ring of poison resistance (left hand)
Wands
 j - a wand of acid (1/15)
 k - a wand of heal wounds (4/9)
Scrolls
 h - a scroll of enchant armour {unknown}
 l - a scroll of immolation {unknown}
Comestibles
 f - 2 bread rations


   Skills:
 + Level 5.4 Fighting
 * Level 6.4 Maces & Flails
 - Level 4.0 Throwing
 - Level 1.7 Dodging
 - Level 0.7 Stealth


You had 5 spell levels left.
You didn't know any spells.

Dungeon Overview and Level Annotations

Branches:
Dungeon (5/15)
 Temple: D:4-7

Altars:
Elyvilon
Gozag

Portals:
Sewer: D:3

Annotations:
D:4 ShittyPlayer's ghost, novice DsBe
D:5 Sigmund


Innate Abilities, Weirdness & Mutations

You are too large for most types of armour.
You have tough skin (AC +1).


Message History

Aim: a scorpion (lightly wounded, entangled in a net)
You throw a large rock. The large rock hits the scorpion!
The scorpion is severely wounded.
The scorpion struggles to escape the net. x2
Throwing (i - inventory):
c - 2 large rocks (quivered)
Press: ? - help, Shift-Dir - straight line, f/p - scorpion
Aim: a scorpion (severely wounded, entangled in a net)
You throw a large rock. The large rock hits the scorpion!
You kill the scorpion!
Sigmund casts a spell at you. The puff of flame hits you!
* * * LOW HITPOINT WARNING * * *
Sigmund drinks a potion.
Sigmund flickers and vanishes!
Deactivating autopickup; reactivate with Ctrl-A.
Throwing (i - inventory):
c - a large rock (quivered)
Press: ? - help, Shift-Dir - straight line You throw a large rock.
A puff of flame appears from out of thin air!
The puff of flame hits you!
You die...

#.# #.# #.## #.#
#.# #(# #.# #.#
#.# #.# ##.# #.#
#.# #..# #{# #.#
##.## #(# #.# #..#
#.# #.# ##.## #(#
#.# #..# #@# #.#
#.## #.# ####.#
#.# #.# .....# #.#
#.# ###### #.# #.#
#.# #.#
#.#######[#
##.#.......#
#######..#.#######


There were no monsters in sight!

Vanquished Creatures
  An ogre (D:4)
  A scorpion (D:5)
  4 orc wizards
  A worker ant (D:5)
  A hound skeleton (D:4)
  An adder (D:4)
  A giant gecko (D:5)
  4 orcs (D:5)
  A kobold (D:1)
  A quokka (D:2)
  A bat (D:2)
  2 giant newts (D:2)
19 creatures vanquished.

Notes
Turn   | Place    | Note
--------------------------------------------------------------
     0 | D:1      | 4thArraOfDagon the Ogre Hunter began the quest for the Orb.
     0 | D:1      | Reached XP level 1. HP: 22/22 MP: 1/1
   148 | D:2      | Reached skill level 1 in Maces & Flails
   187 | D:3      | Found a glowing drain.
   248 | D:5      | Entered Level 5 of the Dungeon
   251 | D:5      | Noticed a worker ant
   257 | D:5      | Reached XP level 2. HP: 31/31 MP: 2/2
   288 | D:5      | Reached skill level 2 in Maces & Flails
   306 | D:5      | Reached skill level 3 in Maces & Flails
   306 | D:5      | Reached XP level 3. HP: 28/39 MP: 3/3
   323 | D:5      | Reached XP level 4. HP: 31/48 MP: 4/4
   354 | D:4      | Reached skill level 4 in Maces & Flails
   357 | D:4      | Found a white marble altar of Elyvilon.
   410 | D:4      | Reached XP level 5. HP: 43/55 MP: 5/5
   424 | D:4      | Reached skill level 5 in Maces & Flails
   468 | D:4      | Noticed an ogre
   471 | D:4      | Killed an ogre
   471 | D:4      | Reached skill level 5 in Fighting
   471 | D:4      | Reached skill level 6 in Maces & Flails
   471 | D:4      | Reached XP level 6. HP: 66/66 MP: 6/6
   487 | D:4      | Noticed ShittyPlayer's ghost (novice DsBe)
   615 | D:5      | Found an opulent altar of Gozag.
   704 | D:5      | Noticed Sigmund
   798 | D:5      | Killed from afar by Sigmund

Vault maps used:
D:1:      dpeg_arrival_round_a
D:3:      gammafunk_temple_overflow_pools, first_bread, portal_sewer_entry_c,
          hangedman_abyss_or_decor_lesser_grid, kennysheep_generic_room_6
D:4:      elyvilon_altar_5
D:5:      nicolae_gozag_seed_capital, grunt_dithmenos_shadows, uniq_sigmund

Skill      XL: |  1  2  3  4  5 |
---------------+----------------+-----
Fighting       | 3 4 5 |  5.4
Maces & Flails | 1 3 4 6 |  6.4
Throwing       | |  4.0
Dodging        | |  1.7
Stealth        | |  0.7

Action                   |  1- 3 |  4- 6 || total
-------------------------+-------+-------++-------
Melee: Club              |    22 |       ||    22
       Short sword       |     7 |       ||     7
       Flail             |    13 |    17 ||    30
       Unarmed           |       |    11 ||    11
Throw: Large rock        |    10 |    12 ||    22
       Throwing net      |     1 |     5 ||     6
  Use: Potion            |       |     4 ||     4
 Stab: Sleeping          |     1 |       ||     1
